 Dungeon Crawl Stone Soup version 0.23.2-33-g5129a83184 (webtiles) character file.

Game seed: 5997919902605206256

1023 funkygono the Shield-Bearer (level 8, -1/62 HPs)
             Began as a Formicid Fighter on July 27, 2019.
             Slain by a troll (3 damage)
             ... on level 5 of the Dungeon.
             The game lasted 00:09:57 (5059 turns).

funkygono the Shield-Bearer (Formicid Fighter)      Turns: 5059, Time: 00:09:58

Health: -1/62      AC: 13    Str: 23    XL:     8   Next: 46%
Magic:  17/17      EV:  6    Int:  8    God:
Gold:   140        SH: 10    Dex: 10    Spells: 7/7 levels left

rFire    . . .     SeeInvis +   a - +0 flail
rCold    . . .     Gourm    .   c - +0 shield
rNeg     . . .     Faith    .   m - +0 plate armour
rPois    .         Spirit   .   (helmet unavailable)
rElec    .         Reflect  .   p - +0 cloak
rCorr    .         Harm     .   (no gloves)
MR       .....                  (no boots)
Stlth    ..........             (no amulet)
HPRegen  0.20/turn              o - ring of wizardry
MPRegen  0.15/turn              w - ring of magical power

@: no status effects
A: permanent stasis, dig shafts and tunnels, four strong arms, antennae 3
a: Dig, Shaft Self


You were on level 5 of the Dungeon.
You were hungry.

You visited 1 branch of the dungeon, and saw 5 of its levels.

You collected 140 gold pieces.

Inventory:

Hand Weapons
 a - a +0 flail (weapon)
 h - a +2 quarterstaff of chaos
Missiles
 e - 14 arrows
 j - 126 stones (quivered)
 k - 70 sling bullets
Armour
 b - a +0 scale mail
 c - a +0 shield (worn)
 m - a +0 plate armour (worn)
 p - a +0 cloak (worn)
Jewellery
 n - an uncursed ring of protection from cold
 o - a ring of wizardry (left hand)
 w - a ring of magical power (right hand)
Wands
 s - a wand of polymorph (1)
Scrolls
 g - 3 scrolls of identify
 i - a scroll of enchant armour {unknown}
 u - a scroll of remove curse
Potions
 d - a potion of lignification
 l - 5 potions of curing
 r - a potion of flight
Comestibles
 f - 11 rations


   Skills:
 + Level 5.1 Fighting
 + Level 6.5 Maces & Flails
 + Level 4.9 Armour
 + Level 0.8 Dodging
 + Level 0.6 Stealth
 + Level 6.5 Shields


You had 7 spell levels left.
You didn't know any spells.
Your spell library contained the following spells:

 Spells                   Type           Power        Failure   Level  Hunger
 Freeze                   Ice            #...         99%         1    ##.....
 Throw Frost              Conj/Ice       #.....       100%        2    ###....
 Ozocubu's Armour         Chrm/Ice       #.......     100%        3    ####...
 Summon Ice Beast         Ice/Summ       #.......     100%        4    #####..
 Throw Icicle             Conj/Ice       #.......     100%        4    #####..


Dungeon Overview and Level Annotations

Branches:
Dungeon (5/15)
 Temple: D:4-7

Altars:
Trog
Wu Jian
The Shining One


Innate Abilities, Weirdness & Mutations

You cannot be hasted, slowed, berserked, paralysed or teleported.
You can dig through walls and to a lower floor.
Your four strong arms can wield two-handed weapons with a shield.
You have a pair of large antennae on your head. (SInv)


Message History

You closely miss the troll. The troll bites you but does no damage.
The troll claws you. The troll completely misses you.
The troll closely misses you. The troll claws you!
* * * LOW HITPOINT WARNING * * *
The troll claws you.
* * * LOW HITPOINT WARNING * * *
You closely miss the troll. The troll bites you but does no damage.
You block the troll's attack. The troll closely misses you.
You closely miss the troll. The troll bites you but does no damage.
You block the troll's attack. x2
You hit the troll.
The troll is lightly wounded.
The troll bites you!
* * * LOW HITPOINT WARNING * * *
You block the troll's attack. x2
You are feeling hungry.
You sock the troll!
The troll is lightly wounded.
You block the troll's attack. The troll claws you.
You die...

.. #.. ...........###
##.##.. .............
....... ............# .
#.. ...>........# #.##.
............# #.##.
........$...# #....
#........##########..
#..T@................
.....##..?.<######......
.######...).##.....####.
.............##### ##
.................#
.......#########....
.......# #. .>.....#
#######


You could see a troll.

Vanquished Creatures
  2 eyes of draining (D:5)
  A bullfrog (D:4)
  2 scorpions
  2 crimson imps (D:5)
  Crazy Yiuf (D:3)
  3 hounds
  Ijyb (D:4)
  3 iguanas
  Natasha (thrice) (D:4)
  3 worker ants (D:4)
  A hound skeleton (D:4)
  Robin (D:3)
  6 gnolls
  7 adders
  4 worms
  7 leopard geckos
  An orc (D:4)
  5 bats
  3 giant cockroaches
  13 goblins
  13 hobgoblins
  6 jackals
  2 quokkas
  A ball python (D:1)
  4 frilled lizards
  10 kobolds
  A quokka skeleton (D:5)
  4 rats
  3 bushes (D:2)
113 creatures vanquished.

Notes
Turn   | Place    | Note
-------+----------+-------------------------------------------
     0 | D:1      | funkygono the Formicid Fighter began the quest for the Orb.
     0 | D:1      | Reached XP level 1. HP: 18/18 MP: 1/1
   202 | D:1      | Reached XP level 2. HP: 24/24 MP: 2/2
   447 | D:1      | Reached XP level 3. HP: 21/29 MP: 3/3
  1129 | D:2      | Reached XP level 4. HP: 36/37 MP: 4/4
  2147 | D:3      | Reached XP level 5. HP: 41/42 MP: 5/5
  2221 | D:3      | Noticed Robin
  2230 | D:3      | Killed Robin
  2588 | D:3      | HP: 1/42 [gnoll/+0 spear (5)]
  2590 | D:3      | Reached XP level 6. HP: 1/48 MP: 6/6
  3015 | D:3      | Found a glowing golden altar of the Shining One.
  3130 | D:3      | Found a runed translucent door.
  3131 | D:3      | Noticed Crazy Yiuf
  3139 | D:3      | Killed Crazy Yiuf
  3139 | D:3      | Reached skill level 5 in Shields
  3683 | D:4      | Reached XP level 7. HP: 44/55 MP: 7/7
  3924 | D:4      | Noticed Natasha
  3943 | D:4      | Killed Natasha
  3967 | D:4      | Noticed Natasha
  3981 | D:4      | Killed Natasha
  4127 | D:4      | Found an ornate altar of the Wu Jian Council.
  4132 | D:4      | Noticed Ijyb
  4141 | D:4      | Killed Ijyb
  4202 | D:4      | Reached skill level 5 in Maces & Flails
  4647 | D:4      | Noticed Natasha
  4656 | D:4      | Killed Natasha
  4746 | D:5      | Entered Level 5 of the Dungeon
  4817 | D:5      | Reached skill level 5 in Fighting
  4817 | D:5      | Reached XP level 8. HP: 49/62 MP: 0/8
  4830 | D:5      | Found a bloodstained altar of Trog.
  5045 | D:5      | Noticed a troll
  5058 | D:5      | HP: 2/62 [troll (8)]
  5059 | D:5      | Slain by a troll

Skill      XL: |  1  2  3  4  5  6  7  8 |
---------------+-------------------------+-----
Shields        | 4 5 6 |  6.5
Maces & Flails | 3 4 5 6 |  6.5
Armour         | 4 |  4.9
Fighting       | 4 5 |  5.1
Dodging        | |  0.8
Stealth        | |  0.6

Action                   |  1- 3 |  4- 6 |  7- 9 || total
-------------------------+-------+-------+-------++-------
Melee: Flail             |   102 |   386 |   206 ||   694
       Unarmed           |       |       |     5 ||     5
  Use: Scroll            |     3 |     4 |     4 ||    11
       Potion            |       |     1 |       ||     1
 Stab: Confused          |       |       |     2 ||     2
  Eat: Chunk             |     1 |     6 |     4 ||    11
       Ration            |       |     1 |       ||     1
Armor: Scale mail        |    28 |       |       ||    28
       Plate armour      |    22 |   138 |    89 ||   249
       Skin              |       |       |     1 ||     1
Dodge: Dodged            |    25 |    44 |    34 ||   103
Block: Shield            |    52 |   129 |   111 ||   292
